FIQ, neutral male gnomish Healer ------ # -------....| ----+----------- |..........| |..............| -------- |...........## ----------- ##.....{.........| |......| |.......q..| # |.........--- # |..............| ---......| |......<.G.| ####-............######------.-----+-.- |........| -----.------ ###|...........| # ##############################.........| # ###............|### ### ### # ---......| # ### |...........|# # ### # ### |...>..| # # ---.........+ `#### ##### # -------- # ### ----------- --.-|-----.- ### ---.- # |..........| # |...| ### |...........#### |.<.| # |........*.| |...-## ------------ |...| |...| ----- FIQ the Rhizotomist Experience level: 1 Strength: 25 Dexterity: 7 Constitution: 18 Intelligence: 13 Wisdom: 14 Charisma: 18 Health: 0(29) Energy: 7(7) Def: 25 Gold: 2414 Moves: 21988 Dungeon seed: h0OtYmYxI_40onIP Game ID: FIQ_1444158846 Your Inventory: Coins $ - 2414 gold pieces Amulets T - an uncursed amulet of ESP (being worn) Weapons a - the blessed +0 Staff of Aesculapius (weapon in hands) m - an uncursed +2 aklys (alternate weapon; not wielded) Z - a blessed +0 scalpel Armor e - an uncursed +0 pair of elven boots (being worn) g - an uncursed rusty +0 pair of gauntlets of power (being worn) n - an uncursed +0 red dragon scale mail (being worn) Y - a blessed +1 cloak of displacement (being worn) Comestibles i - an uncursed lizard corpse p - an uncursed banana O - an uncursed tripe ration R - an uncursed food ration V - 16 uncursed lumps of royal jelly Scrolls u - an uncursed scroll of identify Potions P - an uncursed potion of confusion Rings v - an uncursed ring of polymorph control (on left hand) x - an uncursed ring of teleport control (on right hand) Wands f - an uncursed wand of digging (0:1) I - an uncursed wand of locking (0:5) Tools b - an uncursed sack c - the uncursed Bell of Opening (0:3) h - an uncursed -5 unicorn horn k - an uncursed skeleton key l - a blessed oil lamp (0:266) o - an uncursed magic marker (0:54) s - an uncursed stethoscope t - an uncursed blindfold w - an uncursed magic whistle G - a blessed oil lamp (0:1299) Gems q - 3 uncursed diamonds F - an uncursed ruby H - an uncursed aquamarine stone K - an uncursed luckstone W - 3 uncursed emeralds X - an uncursed amethyst stone Contents of the sack: 961 gold pieces 5 uncursed apples an uncursed egg 2 uncursed eggs 7 blessed eucalyptus leaves an uncursed fortune cookie an uncursed lizard corpse 2 uncursed sprigs of wolfsbane an uncursed tripe ration an uncursed scroll of confuse monster a cursed scroll of confuse monster 2 blessed scrolls of create monster 5 uncursed scrolls of create monster a cursed scroll of create monster 2 blessed scrolls of earth a cursed scroll of earth an uncursed scroll of enchant weapon a blessed scroll of fire 4 uncursed scrolls of fire 3 cursed scrolls of fire a cursed scroll of food detection a blessed scroll of gold detection an uncursed scroll of gold detection a cursed scroll of gold detection 7 uncursed scrolls of identify a cursed scroll of magic mapping an uncursed scroll of remove curse an uncursed scroll of stinking cloud a blessed scroll of taming 2 blessed scrolls of teleportation 5 uncursed scrolls of teleportation 2 cursed scrolls of water an uncursed spellbook of cure sickness an uncursed spellbook of fireball an uncursed spellbook of light an uncursed spellbook of protection an uncursed potion of blindness a cursed potion of booze an uncursed potion of extra healing a cursed potion of extra healing an uncursed potion of fruit juice an uncursed potion of full healing a blessed potion of healing 2 uncursed potions of invisibility an uncursed potion of levitation an uncursed potion of polymorph an uncursed potion of sleeping an uncursed potion of water an uncursed ring of conflict an uncursed ring of fire resistance an uncursed ring of fire resistance an uncursed ring of fire resistance an uncursed ring of fire resistance an uncursed ring of fire resistance an uncursed ring of fire resistance an uncursed ring of fire resistance an uncursed ring of fire resistance an uncursed ring of fire resistance an uncursed ring of free action an uncursed ring of levitation a cursed ring of levitation named cursed an uncursed +1 ring of protection an uncursed wand of cold (0:6) an uncursed wand of cold (0:5) an uncursed wand of create monster (0:12) an uncursed wand of fire (0:4) an uncursed wand of fire (0:4) an uncursed wand of light (0:12) an uncursed wand of light (0:12) an uncursed wand of make invisible (0:4) an uncursed wand of probing (0:1) an uncursed wand of sleep (0:5) an uncursed wand of slow monster (0:4) an uncursed wand of speed monster (0:5) an uncursed wand of speed monster (0:3) an uncursed wand of striking (0:4) 8 uncursed partly used wax candles (0:121) Spells and supernatural/magical abilities: Name Level Category Fail Memory a - force bolt 1* attack 46% 0% h - healing 1 healing 22% 84% x - extra healing 3 healing 90% 84% S - stone to flesh 3 healing 96% 84% W - pray for help -- divine ? -- Your skills at the end: Miscellaneous Skills wands [Basic] Weapon Skills knife [Basic] crossbow [Basic] Spellcasting Skills healing spells [Basic] Final Attributes: You were piously aligned. You were fire resistant. You were poison resistant. You were level-drain resistant. You were telepathic. You were clairvoyant. You had infravision. You were displaced. You were stealthy. You could teleport. You had teleport control. You regenerated. You were protected. You had polymorph control. You were fast. You were lucky. You had extra luck. Bad luck did not time out for you. Good luck did not time out for you. You are dead. Vanquished creatures: Medusa The Cyclops 2 titans 4 red dragons a minotaur 4 stone golems an Olog-hai 15 baby red dragons a baby black dragon a skeleton a nurse a ghost 2 ettins 2 queen bees 2 giant mimics an ogre king an ice troll a long worm a stalker a giant zombie 3 wargs a small mimic a xan an ettin mummy a sasquatch a djinni 2 sharks 10 electric eels a freezing sphere a shocking sphere 2 tigers an ochre jelly a leocrotta 2 human mummies 4 pythons 4 cobras 2 wraiths a succubus a cockatrice 4 wolves a winter wolf cub a gremlin 21 leprechauns 2 lizards 5 giant spiders a scorpion 2 vampire bats a gnome king an orc mummy a dwarf mummy 3 rust monsters 2 owlbears a yeti 2 Green-elves 6 giant eels 3 attendants a dog 2 dingos a housecat a water nymph 2 white unicorns a raven a plains centaur a gnome mummy 16 snakes 2 apes 5 human zombies 4 Woodland-elves 4 soldier ants 2 fire ants 9 bugbears an imp a quasit a wood nymph a Mordor orc 14 Uruk-hai 5 rock moles 8 rock piercers 3 ponies a fog cloud 3 yellow lights 2 shriekers 5 gnome lords a gnomish wizard 6 kobold mummies a black naga hatchling 6 gray oozes a barrow wight an elf zombie a ghoul a straw golem a paper golem 3 jellyfish 6 giant ants 2 little dogs 5 floating eyes a kitten 2 dwarves 4 homunculi 7 kobold lords 3 kobold shamans 14 iguanas 8 hill orcs 11 rothes 15 rabid rats 2 giant bats a monkey 7 orc zombies 3 dwarf zombies a wererat 3 werejackals 43 killer bees 15 coyotes 8 gas spores 11 hobbits 3 acid blobs 4 large kobolds 17 geckos 9 hobgoblins 66 giant rats 7 cave spiders 4 brown molds 7 yellow molds 2 green molds 3 red molds 10 gnomes 23 garter snakes 4 manes 5 gnome zombies 21 jackals 3 foxes 6 kobolds 21 newts 12 goblins 9 sewer rats 22 grid bugs 13 bats 16 lichens 10 kobold zombies 729 creatures vanquished. Voluntary challenges: You never hit with a wielded weapon. You were a pacifist. You read items or engraved 73 times, starting on turn 699. You never genocided any monsters. You never polymorphed an object. You changed form 2 times, starting on turn 3310. You cheated in Sokoban 2 times, without finishing. You used 1 wish, starting on turn 18106. You did not wish for any artifacts. You never split a pudding. You wrote Elbereth's name 17 times, starting on turn 3892. You never violated your personal moral code. Dungeon overview: The Dungeons of Doom: levels 1 to 25 Level 1 a long staircase Level 2 some fountains stairs to The Gnomish Mines Level 3 a general store Level 4 Level 5 many fountains Level 6 <- You were here a fountain stairs to Sokoban Level 7 some fountains Level 8 a fountain Level 9 Level 10 some fountains Level 11 some fountains Level 12 portal to The Quest Level 13 Level 14 an altar to Athena Level 15 a fountain Level 16 Level 17 a fountain Level 18 Level 19 a temple to Poseidon Level 20 a temple to Hermes Level 21 some fountains Level 22 Level 23 Level 24 Level 25 The Gnomish Mines: levels 3 to 11 Level 3 stairs to The Dungeons of Doom Level 4 Level 5 Level 6 some shops, a temple to Poseidon, a magic chest, some fountains Level 7 Level 8 Level 9 Level 10 Level 11 a magic chest, some fountains The Quest: levels 1 to 6 Level 1 an altar to Hermes, a magic chest, a throne portal to The Dungeons of Doom Level 2 Level 3 a temple to Poseidon Level 4 Level 5 Level 6 Sokoban: levels 2 to 5 Level 2 Level 3 Level 4 Level 5 a magic chest stairs to The Dungeons of Doom History has recorded: On T:1 you entered the Dungeons of Doom to retrieve the Amulet of Yendor! On T:488 you reached level 2 of The Dungeons of Doom. On T:858 you reached level 3 of The Dungeons of Doom. On T:1193 you reached level 4 of The Dungeons of Doom. On T:1512 you reached level 5 of The Dungeons of Doom. On T:2058 you reached level 1 of The Gnomish Mines. On T:2520 you reached level 2 of The Gnomish Mines. On T:2588 you reached level 3 of The Gnomish Mines. On T:2906 you reached level 4 of The Gnomish Mines. On T:2953 you entered the Minetown temple On T:3242 you opened a magic chest. On T:4261 you reached level 5 of The Gnomish Mines. On T:4631 you reached level 6 of The Gnomish Mines. On T:5134 you reached level 7 of The Gnomish Mines. On T:6389 you reached level 8 of The Gnomish Mines. On T:7045 you reached level 9 of The Gnomish Mines. On T:7045 you reached the bottom of the Mines. On T:7710 you opened a magic chest. On T:7710 you opened a magic chest. On T:7713 you opened a magic chest. On T:7713 you opened a magic chest. On T:7718 you opened a magic chest. On T:9847 you reached level 6 of The Dungeons of Doom. On T:9869 you reached level 4 of Sokoban. On T:9954 you opened a magic chest. On T:10348 you reached level 3 of Sokoban. On T:10959 you reached level 2 of Sokoban. On T:11359 you reached level 1 of Sokoban. On T:13185 you reached level 7 of The Dungeons of Doom. On T:13539 you reached level 8 of The Dungeons of Doom. On T:13958 you reached level 9 of The Dungeons of Doom. On T:14294 you reached level 10 of The Dungeons of Doom. On T:14535 you reached level 11 of The Dungeons of Doom. On T:14994 you reached level 12 of The Dungeons of Doom. On T:15110 you reached level 1 of The Quest. On T:15249 you reached level 13 of The Dungeons of Doom. On T:16625 you opened a magic chest. On T:16657 you opened a magic chest. On T:18106 you wished for "blessed figurine of an Archon". On T:18153 you embarked upon an epic quest. On T:18158 you reached level 2 of The Quest. On T:18208 you reached level 3 of The Quest. On T:18301 you reached level 4 of The Quest. On T:18324 you reached level 5 of The Quest. On T:18382 you reached level 6 of The Quest. On T:18600 you completed the quest! On T:18664 you opened a magic chest. On T:18666 you opened a magic chest. On T:18668 you opened a magic chest. On T:18672 you opened a magic chest. On T:18676 you opened a magic chest. On T:18684 you opened a magic chest. On T:18688 you opened a magic chest. On T:18689 you opened a magic chest. On T:18691 you opened a magic chest. On T:18691 you opened a magic chest. On T:18691 you opened a magic chest. On T:18702 you opened a magic chest. On T:18703 you opened a magic chest. On T:18710 you opened a magic chest. On T:18710 you opened a magic chest. On T:18853 you reached level 14 of The Dungeons of Doom. On T:19199 you reached level 15 of The Dungeons of Doom. On T:19375 you reached level 16 of The Dungeons of Doom. On T:19454 you reached level 17 of The Dungeons of Doom. On T:19807 you reached level 18 of The Dungeons of Doom. On T:19898 you reached level 19 of The Dungeons of Doom. On T:20127 you reached level 20 of The Dungeons of Doom. On T:20345 you reached level 21 of The Dungeons of Doom. On T:20712 you reached level 22 of The Dungeons of Doom. On T:21077 you reached level 23 of The Dungeons of Doom. On T:21168 you reached level 24 of The Dungeons of Doom. On T:21654 you reached level 25 of The Dungeons of Doom. Score breakdown: Gold: 2372 ( 237 points) Experience: 1 level ( 0 points) Exploration: 25 levels ( 720 points) Discoveries: 61 items ( 2000 points) Variety of kills: 139 monsters ( 2000 points) Major goal: finished the Quest ( 2000 points) Survival: died (score multiplied by 3) Total score: 20871 Latest messages: He's using the touch of death! The leprechaun is killed! The winter wolf cub is killed! The Archon swings his Sunsword at the ochre jelly. The Archon hits the ochre jelly. The ochre jelly is killed! The Archon is splashed by something's acid! The Archon hits the stone golem. The Archon points at the stone golem, then curses. The mumak butts! You die... Final status: Goodbye FIQ the Healer, killed by a mumak... You died in The Dungeons of Doom on dungeon level 6 with 20871 points, and 3375 pieces of gold, after 21988 moves. You were level 1 with a maximum of 29 hit points when you died.